 Dungeon Crawl Stone Soup version 0.29.1-1-gd02db6906a (webtiles) character file.

Game seed: 4612712714395757268

4852 RogueRain17 the Cleaver (level 10, -1/67 HPs)
             Began as a Demonspawn Gladiator on Sept 18, 2022.
             Slain by a yak (12 damage)
             ... on level 9 of the Dungeon.
             The game lasted 00:29:06 (8966 turns).

RogueRain17 the Cleaver (Demonspawn Gladiator)      Turns: 8966, Time: 00:29:06

Health: -1/67      AC: 16    Str: 20    XL:     10   Next: 25%
Magic:  10/10      EV:  9    Int:  6    God:
Gold:   458        SH:  0    Dex: 14    Spells: 9/9 levels left

rFire   + + +      SeeInvis .   l - +8 war axe (vamp) {Budha}
rCold   . . .      Faith    .   (no shield)
rNeg    . . .      Spirit   .   f - +0 chain mail
rPois   .          Reflect  .   c - +0 helmet
rElec   .          Harm     .   g - +1 cloak "Damnable Contraption" {+Blink Fly rF+++ Int-3}
rCorr   .          Rampage  .   (no gloves)
Will    .....                   (no boots)
Stlth   ..........              (no amulet)
HPRegen 0.21/turn               (no ring)
MPRegen 0.12/turn               (no ring)

@: flying
A: claws 1, powered by death 3, sharp scales 2
a: Evoke Blink


You were on level 9 of the Dungeon.
You visited 1 branch of the dungeon, and saw 9 of its levels.

You collected 601 gold pieces.
You spent 143 gold pieces at shops.

Inventory:

Hand Weapons
 l - a +8 vampiric war axe (weapon) {Budha}
Missiles
 d - 3 throwing nets (quivered)
 e - 6 javelins
Armour
 b - a +0 leather armour
 c - a +0 helmet (worn)
 f - a +0 chain mail (worn)
 g - the +1 cloak "Damnable Contraption" (worn) {+Blink Fly rF+++ Int-3}
   (You acquired it on level 5 of the Dungeon)

   Int:       It affects your intelligence (-3).
   rF:        It renders you almost immune to fire.
   Fly:       It grants you flight.
   +Blink:    It lets you blink.
 i - a +0 cloak of poison resistance
Jewellery
 p - a ring of protection from cold
 u - a ring of positive energy
Wands
 a - a wand of mindburst (7)
 x - a wand of paralysis (7)
Scrolls
 n - a scroll of butterflies {unknown}
 r - a scroll of summoning
 v - 2 scrolls of immolation
Potions
 h - a potion of curing
 j - 3 potions of flight {unknown}
 k - 2 potions of lignification {unknown}
 m - 2 potions of degeneration {unknown}
 o - 2 potions of mutation {unknown}
 q - a potion of cancellation
 s - 2 potions of brilliance
 w - a potion of ambrosia {unknown}


   Skills:
 - Level 2.0 Fighting
 * Level 10.8 Axes
 - Level 1.7 Throwing
 + Level 7.0 Armour
 - Level 4.2 Dodging
 - Level 0.1 Stealth
 - Level 5.0 Evocations


You had 9 spell levels left.
You didn't know any spells.
Your spell library contained the following spells:

 Spells                   Type           Power      Damage    Failure   Level
 Conjure Flame            Conj/Fire      0%         6-21      100%        3
 Ignite Poison            Fire/Tmut/Pois 0%         N/A       100%        3
 Sticky Flame             Conj/Fire      0%         2d3       100%        4


Dungeon Overview and Level Annotations

Branches:
Dungeon (9/15)             Temple (0/1) D:6
   Lair: D:8-11         Orc: D:9-12

Altars:

Shops:
D:1 *?   D:4 *   D:6 ?   D:7 (

Annotations:
D:8 exclusion: ice statue


Innate Abilities, Weirdness & Mutations

You have sharp fingernails.
You regenerate a lot of health from kills.
You are mostly covered in razor-sharp scales. (AC +2, Slay +2)


Message History

The yak gores you but does no damage.
You slash the yak!
The yak is moderately wounded.
You slash the yak! You hit the yak.
The yak is moderately wounded.
You slash the yak! The yak gores you! The yak gores you but does no damage.
You slash the yak!
You feel better.
The yak is severely wounded.
You hit the yak. The yak gores you! The yak barely misses you.
You slash the yak!
You feel better.
The yak is almost dead.
You barely miss the yak. The yak gores you!
You slash the yak!
You feel better.
You kill the yak!
You hit the yak. x2; You feel better. The yak gores you. x2
Your Armour skill increases to level 7!
You hit the yak.
The yak is lightly wounded.
You hit the yak. x2; You feel better. You slash the yak!
You feel better. The yak gores you but does no damage. The yak gores you. x3
You barely miss the yak.
The yak is moderately wounded.
You slash the yak! You hit the yak but do no damage. You hit the yak.
The yak gores you! The yak barely misses you.
The yak gores you but does no damage. The yak gores you!
* * * LOW HITPOINT WARNING * * *
The yak attacks as you move away!
The yak gores you but does no damage. x2
The yak gores you!
* * * LOW HITPOINT WARNING * * *
You barely miss the yak.
The yak is heavily wounded.
You hit the yak. The yak gores you.
* * * LOW HITPOINT WARNING * * *
The yak barely misses you.
You hit the yak.
You feel better.
The yak is heavily wounded.
You barely miss the yak.
You feel better. The yak gores you but does no damage. The yak gores you!
You die...

#.......#
.....#.#
....#.###
.......##
#....#..#
#.......#.
#.........
#YY......#
#@YY..>.##
#........##.###
##........###
#........#
#.........
............
#....##......
##... #.......


You could see 4 yaks.

Vanquished Creatures
  A two-headed ogre (D:8)
  Pikel (D:7)
  A hornet (D:7)
  Grinder (D:3)
  A yak (D:9)
  Eustachio (D:5)
  Edmund (D:6)
  An acid dragon (D:8)
  2 water moccasins
  A sky beast (D:6)
  2 ice beasts (D:6)
  An ogre (D:5)
  A black bear (D:6)
  A centaur (D:7)
  4 lemures (D:7)
  2 phantoms
  A necrophage (D:5)
  2 bullfrogs (D:6)
  A scorpion (D:5)
  8 wights (D:7)
  10 killer bees
  2 howler monkeys
  2 hounds (D:5)
  6 orc priests
  2 gnoll boudas (D:7)
  A jelly (D:6)
  4 iguanas
  3 orc wizards
  11 gnolls
  11 adders
  A white imp (D:5)
  A worm (D:3)
  A dart slug (D:2)
  31 orcs
  7 endoplasms
  2 giant cockroaches
  7 goblins
  11 hobgoblins
  2 jackals (D:1)
  7 kobolds
  3 quokkas
  4 ball pythons
  6 bats
  2 frilled lizards
  2 rats (D:1)
173 creatures vanquished.

Vanquished Creatures (others)
  4 plants (D:6)
  4 toadstools (D:4)
8 creatures vanquished.

Grand Total: 181 creatures vanquished

Notes
Turn   | Place    | Note
-------+----------+-------------------------------------------
     0 | D:1      | RogueRain17 the Demonspawn Gladiator began the quest for
                  | the Orb.
     0 | D:1      | Reached XP level 1. HP: 16/16 MP: 1/1
   212 | D:1      | Reached skill level 3 in Axes
   226 | D:1      | Gained mutation: You regenerate a little health from kills.
                  | [demonic ancestry]
   226 | D:1      | Reached XP level 2. HP: 21/22 MP: 2/2
   246 | D:1      | Found Useomopy's General Store.
   480 | D:1      | Found a faded altar of an unknown god.
   738 | D:1      | Found Zaynued's Magic Scroll Boutique.
  1341 | D:1      | Reached XP level 3. HP: 12/27 MP: 3/3
  1630 | D:2      | Reached skill level 4 in Axes
  1630 | D:2      | Reached skill level 1 in Armour
  1698 | D:2      | Reached XP level 4. HP: 33/33 MP: 4/4
  2519 | D:3      | Noticed Grinder
  2539 | D:3      | Paralysed by Grinder for 5 turns
  2562 | D:3      | Killed Grinder
  2563 | D:3      | Reached skill level 5 in Axes
  2563 | D:3      | Gained mutation: You are partially covered in razor-sharp
                  | scales. (AC +1, Slay +1) [demonic ancestry]
  2563 | D:3      | Reached XP level 5. HP: 20/38 MP: 5/5
  2563 | D:3      | Gained mutation: You regenerate health from kills. [demonic
                  | ancestry]
  2563 | D:3      | Reached XP level 6. HP: 23/44 MP: 6/6
  3468 | D:4      | Found Uzosativ's Fire Supplies.
  3715 | D:5      | Entered Level 5 of the Dungeon
  3899 | D:5      | Noticed Eustachio
  3957 | D:5      | Gained mutation: You are mostly covered in razor-sharp
                  | scales. (AC +2, Slay +2) [demonic ancestry]
  3957 | D:5      | Reached XP level 7. HP: 38/50 MP: 7/7
  4031 | D:5      | Identified a scroll of acquirement
  4032 | D:5      | Acquired the +1 cloak "Damnable Contraption" {+Blink Fly
                  | rF+++ Int-3}
  4075 | D:5      | Reached skill level 6 in Axes
  4650 | D:5      | Reached skill level 1 in Evocations
  5331 | D:5      | Killed Eustachio
  5332 | D:5      | Reached skill level 7 in Axes
  5332 | D:5      | Gained mutation: You have sharp fingernails. [demonic
                  | ancestry]
  5332 | D:5      | Reached XP level 8. HP: 39/56 MP: 8/8
  5680 | D:6      | Found Onunihuna's Magic Scroll Shoppe.
  5988 | D:6      | Found a staircase to the Ecumenical Temple.
  6335 | D:6      | Reached skill level 8 in Axes
  6368 | D:6      | Noticed Edmund
  6392 | D:6      | Killed Edmund
  7041 | D:6      | Reached skill level 5 in Armour
  7041 | D:6      | Reached XP level 9. HP: 48/61 MP: 9/9
  7581 | D:7      | Reached skill level 9 in Axes
  7743 | D:7      | Reached skill level 5 in Evocations
  8048 | D:7      | Found Koobumocs's Antique Weapon Shop.
  8053 | D:7      | Bought a runed war axe for 143 gold pieces
  8178 | D:7      | Noticed Pikel
  8194 | D:7      | Killed Pikel
  8212 | D:7      | Reached skill level 10 in Axes
  8352 | D:8      | Noticed an ice devil
  8407 | D:8      | Noticed an ice devil
  8407 | D:8      | Noticed an ice devil
  8408 | D:8      | Noticed an ice devil
  8408 | D:8      | Noticed an ice statue
  8408 | D:8      | Noticed an ice devil
  8412 | D:8      | Noticed an ice devil
  8419 | D:8      | Noticed a two-headed ogre
  8573 | D:8      | Gained mutation: You regenerate a lot of health from kills.
                  | [demonic ancestry]
  8573 | D:8      | Reached XP level 10. HP: 67/67 MP: 10/10
  8671 | D:8      | Killed a two-headed ogre
  8964 | D:9      | HP: 2/67 [yak (3)]
  8966 | D:9      | Slain by a yak

Illustrated notes

Levels and vault maps discovered:
D:1:      psy_arrival_radial01, layout_basic, ebering_ecumenical_altar_hall,
          serial_shops, nicolae_shop_trees, shop
D:2:      layout_rooms
D:3:      layout_rooms, kennysheep_crisscross, mrwooster_statue_mirror,
          uniq_grinder
D:4:      layout_basic, nicolae_shop_fire_sale [nicolae_sub_dead_trees],
          minmay_misc_feat_x, chequers_serial_rivers_micro_d,
          minmay_gold_behind_fungi
D:5:      layout_gridville, uniq_eustachio
D:6:      layout_basic, minmay_temple_entry_gardened_gates, serial_shops, shop,
          uniq_edmund
D:7:      layout_basic, serial_shops, nicolae_shop_hallway_plus,
          grunt_ministairs_6, uniq_pikel
D:8:      cheibrodos_frozen_isle, layout_gridville, minmay_fountain_box
D:9:      layout_cave_pools, serial_shops, shop, serial_demonic,
          serial_demonic_e, serial_demonic_e, serial_demonic_c,
          serial_demonic_g, serial_demonic_c, serial_demonic_f,
          serial_demonic_g, serial_demonic_c, enter_bailey_8

Skill      XL: |  1  2  3  4  5  6  7  8  9 10 |
---------------+-------------------------------+-----
Axes           | 3 4 5 7 8 10 | 10.8
Armour         | 1 2 3 5 6 7 |  7.0
Dodging        | 3 4 |  4.2
Evocations     | 2 4 5 |  5.0
Fighting       | |  2.0
Throwing       | |  1.7
Stealth        | |  0.1

Action                   |  1- 3 |  4- 6 |  7- 9 | 10-12 || total
-------------------------+-------+-------+-------+-------++-------
Melee: War axe           |    94 |   149 |   369 |    25 ||   637
       Punch             |       |       |     4 |       ||     4
Throw: Throwing net      |       |     5 |       |       ||     5
       Javelin           |       |     1 |       |       ||     1
 Abil: Evoke Blink       |       |       |     1 |       ||     1
Evoke: Wand              |       |       |    10 |     2 ||    12
  Use: Potion            |     2 |     4 |     4 |     1 ||    11
       Scroll            |       |       |    10 |       ||    10
 Stab: Sleeping          |     2 |     1 |       |       ||     3
       Held in net/web   |       |     2 |       |       ||     2
       Paralysed         |       |       |    13 |     3 ||    16
Armor: Leather armour    |    38 |    43 |       |       ||    81
       Chain mail        |       |       |   247 |    10 ||   257
Dodge: Dodged            |    95 |   115 |   183 |     8 ||   401
